 Dungeon Crawl Stone Soup version 0.29-a0-350-g7790a0e70a (webtiles) character file.

Game seed: 3444659331601635698

701 spaghetti the Ducker (level 7, 3/62 HPs)
             Began as an Ogre Wanderer on Apr 23, 2022.
             Quit the game on level 5 of the Dungeon.
             The game lasted 00:10:03 (5397 turns).

spaghetti the Ducker (Ogre Wanderer)                Turns: 5397, Time: 00:10:04

Health: 3/62       AC:  5    Str: 17      XL:     7   Next: 66%
Magic:  10/13      EV: 10    Int: 11 (14) God:
Gold:   225        SH:  5    Dex:  9      Spells: 5/14 levels left

rFire   . . .      SeeInvis .   c - +1 hand axe (elec) {axe}
rCold   . . .      Faith    .   n - orb {*channel}
rNeg    . . .      Spirit   .   e - +2 robe
rPois   .          Reflect  +   (helmet restricted)
rElec   .          Harm     .   (no cloak)
rCorr   .          Rampage  .   (gloves unavailable)
Will    .....                   (boots unavailable)
Stlth   +.........              j - amulet of reflection
HPRegen 0.20/turn               (no ring)
MPRegen 0.13/turn               (no ring)

@: lethally poisoned (3 -> -10)
A: large, unfitting armour, tough skin 1
a: no special abilities


You were on level 5 of the Dungeon.
You visited 1 branch of the dungeon, and saw 5 of its levels.

You collected 225 gold pieces.


Innate Abilities, Weirdness & Mutations

You are too large for most types of armour.
You have tough skin. (AC +1)


   Skills:
 - Level 1.3 Fighting
 + Level 1.6 Short Blades
 + Level 4.9 Dodging
 - Level 1.0 Stealth
 + Level 4.2 Spellcasting
 * Level 2.6 Necromancy
 + Level 2.3 Transmutations
 + Level 3.4 Earth Magic
 + Level 2.4 Evocations


You had 5 spell levels left.
You knew the following spells:

 Your Spells              Type           Power      Damage    Failure   Level
a - Sandblast             Erth           18%        2d7       5%          1
b - Stone Arrow           Conj/Erth      12%        3d7       34%         3
c - Excruciating Wounds   Necr           4%         N/A       91%         5

Your spell library contained the following spells:

 Spells                   Type           Power      Damage    Failure   Level
 Pain                     Necr           32%        1d5       8%          1
 Agony                    Necr           8%         N/A       91%         5
 Borgnjor's Revivificati  Necr           4%         N/A       100%        8
 Necromutation            Tmut/Necr      3%         N/A       100%        8
 Death's Door             Necr           4%         N/A       100%        9

Inventory:

Hand Weapons
 a - a +0 club {mace}
 c - a +1 hand axe of electrocution (weapon) {axe}
   (You found it on level 1 of the Dungeon)
 s - a +0 quick blade {shortrare=g}
   (You found it on level 2 of the Dungeon)
Missiles
 d - 48 stones {throwing}
 i - 11 poisoned darts {throwing}
 m - a javelin {throwing}
 p - 3 silver javelins {throwing}
 t - 6 boomerangs {throwing}
Armour
 e - a +2 robe (worn)
 n - an orb of energy (worn)
   (You found it on level 2 of the Dungeon)
Magical Staves
 k - a staff of death {!astaff}
   (You found it on level 1 of the Dungeon)
Jewellery
 j - an amulet of reflection (around neck)
   (You found it on level 2 of the Dungeon)
Wands
 o - a wand of polymorph (5)
   (You took it off Robin on level 2 of the Dungeon)
 r - a wand of flame (16)
   (You found it on level 2 of the Dungeon)
Scrolls
 g - 4 scrolls of amnesia
 h - 5 scrolls of teleportation {@r4}
 q - a scroll of vulnerability {!r!r}
Potions
 b - 3 potions of attraction {!q}
 l - a potion of degeneration {!q@e2}
 u - a potion of might

Dungeon Overview and Level Annotations

Branches:
Dungeon (5/15)
 Temple: D:4-7

Altars:
Ashenzari
Fedhas
Trog

Shops:
D:1

( ######+...g......#.....#
..# #...........#....#####
#.# #.#........##.........
#.# #.#...>....##....###....
#.####...........#....###....
.............................
#.######........###g#)##.....
.......##..##..###g.#.# ....
..............##@...#.# ...
.............+......#.# ..
.............#####.##.# .
.............# #.##.#
.............# #.##.#
.............#####.##.#
.................#.##.#
###########)####.#.##.# #.#
#.#.#


You could see a gnoll sergeant and a gnoll (wandering).


Message History

Confirm with . or Enter, or press ? or * to list all spells.
Aiming: Sandblast (safe; 5% risk of failure)
Press: ? - help, Shift-Dir - straight line, f - gnoll sergeant
Aim: a gnoll sergeant, wielding a +0 trident of venom, wearing a +0 scale mail and wearing a +0 kite shield (wandering, hasn't noticed you, 87% to hit)
You miscast Sandblast.
You are very lightly contaminated with residual magic.
Nothing appears to happen.
The gnoll sergeant shouts!
You hear a shout! x2 😮 MP[-1]
You lost 1 mp, and now have 12/13 mp.
Casting: Sandblast (safe; 5% risk of failure)
Confirm with . or Enter, or press ? or * to list all spells.
Aiming: Sandblast (safe; 5% risk of failure)
Press: ? - help, Shift-Dir - straight line, f/p - gnoll sergeant
Aim: a gnoll sergeant, wielding a +0 trident of venom, wearing a +0 scale mail and wearing a +0 kite shield (87% to hit)
The blast of sand hits the gnoll sergeant but does no damage.
The gnoll sergeant hits you from afar with a +0 trident of venom!
* * * LOW HITPOINT WARNING * * *
😨 HP[-9] MP[-1]
You take 9 damage, and now have 25/62 hp.
You lost 1 mp, and now have 11/13 mp.
Casting: Sandblast (safe; 5% risk of failure)
Confirm with . or Enter, or press ? or * to list all spells.
Aiming: Sandblast (safe; 5% risk of failure)
Press: ? - help, Shift-Dir - straight line, f/p - gnoll sergeant
Aim: a gnoll sergeant, wielding a +0 trident of venom, wearing a +0 scale mail and wearing a +0 kite shield (87% to hit)
The blast of sand hits the gnoll sergeant but does no damage.
The gnoll sergeant hits you from afar with a +0 trident of venom.
* * * LOW HITPOINT WARNING * * *
You are poisoned. 😨 HP[-3] MP[-1]
You take 3 damage, and now have 22/62 hp.
You lost 1 mp, and now have 10/13 mp.
Casting: Sandblast (safe; 5% risk of failure)
Confirm with . or Enter, or press ? or * to list all spells.
Aiming: Sandblast (safe; 5% risk of failure)
Press: ? - help, Shift-Dir - straight line, f/p - gnoll sergeant
Aim: a gnoll sergeant, wielding a +0 trident of venom, wearing a +0 scale mail and wearing a +0 kite shield (87% to hit)
The gnoll sergeant blocks the blast of sand.
You feel very sick.
The gnoll sergeant hits you from afar with a +0 trident of venom!
* * * LOW HITPOINT WARNING * * *
You are lethally poisoned! 😱 HP[-12] MP[-1]
You take 12 damage, and now have 10/62 hp.
You lost 1 mp, and now have 9/13 mp.
You feel better.
The gnoll sergeant hits you but does no damage.
You are poisoned. 😨 HP[+10]
You regained 10 hp, and now have 20/62 hp.
You feel better.
The gnoll sergeant barely misses you. 😨 HP[+7]
You regained 7 hp, and now have 27/62 hp.
Aiming: Throw Flame
Press: ? - help, Shift-Dir - straight line, f/p - gnoll sergeant
Aim: a gnoll sergeant, wielding a +0 trident of venom, wearing a +0 scale mail and wearing a +0 kite shield (83% to hit)
The puff of flame hits the gnoll sergeant.
The gnoll sergeant hits you from afar with a +0 trident of venom!
* * * LOW HITPOINT WARNING * * *
You are poisoned.
Your magical contamination has completely faded away. 😨 HP[-10]
You take 10 damage, and now have 17/62 hp.
Aiming: Throw Flame
Press: ? - help, Shift-Dir - straight line, f/p - gnoll sergeant
Aim: a gnoll sergeant, wielding a +0 trident of venom, wearing a +0 scale mail and wearing a +0 kite shield (lightly wounded, 83% to hit)
The puff of flame hits the gnoll sergeant!
* * * LOW HITPOINT WARNING * * *
You feel very sick.
The gnoll sergeant hits you but does no damage.
You are lethally poisoned! 😱 HP[-4] MP[+1]
You take 4 damage, and now have 13/62 hp.
You feel better.
The gnoll sergeant hits you from afar with a +0 trident of venom!
* * * LOW HITPOINT WARNING * * *
😱 HP[-5]
You take 5 damage, and now have 8/62 hp.
You feel better.
The gnoll sergeant hits you from afar with a +0 trident of venom!
* * * LOW HITPOINT WARNING * * *
You are lethally poisoned! 😱 HP[-5]
You take 5 damage, and now have 3/62 hp.
You feel better.
The gnoll sergeant barely misses you. 😱 HP[+7]
You regained 7 hp, and now have 10/62 hp.
Aiming: Throw Flame
Press: ? - help, Shift-Dir - straight line, f/p - gnoll sergeant
Aim: a gnoll sergeant, wielding a +0 trident of venom, wearing a +0 scale mail and wearing a +0 kite shield (heavily wounded, 83% to hit)
The puff of flame hits the gnoll sergeant.
A gnoll comes into view. It is wielding a +0 whip.
The gnoll sergeant hits you from afar with a +0 trident of venom!
* * * LOW HITPOINT WARNING * * *
You are lethally poisoned! 😱 HP[-7]
You take 7 damage, and now have 3/62 hp.
Unknown command.
Are you sure you want to abandon this character and quit the game? (Confirm with "yes".)

Skill      XL: |  1  2  3  4  5  6  7 |
---------------+----------------------+-----
Earth Magic    | 2 3 |  3.4
Spellcasting   | 2 3 4 |  4.2
Evocations     | 1 2 |  2.4
Transmutations | 1 2 |  2.3
Necromancy     | 1 2 |  2.6
Short Blades   | 1 |  1.6
Fighting       | |  1.3
Dodging        | |  4.9
Stealth        | |  1.0

Action                   |  1- 3 |  4- 6 |  7- 9 || total
-------------------------+-------+-------+-------++-------
Melee: Club              |     9 |       |       ||     9
       Hand axe          |    40 |   185 |    46 ||   271
       Punch             |     1 |       |       ||     1
       Unarmed           |       |    13 |       ||    13
Throw: Javelin           |       |     4 |       ||     4
 Cast: Sandblast         |    18 |    12 |    19 ||    49
Evoke: Wand              |       |       |     4 ||     4
  Use: Potion            |     2 |     3 |     5 ||    10
       Scroll            |       |     9 |       ||     9
 Stab: Sleeping          |       |     1 |       ||     1
Armor: Robe              |    39 |    80 |    17 ||   136
Dodge: Dodged            |    59 |   110 |    37 ||   206
Block: Orb               |       |    31 |    17 ||    48

Levels and vault maps discovered:
D:1:      sevenhm_arrival_forest_fort_small_6, layout_basic,
          shapermc_ecumenical_altar_acropolis, serial_shops,
          nicolae_shop_statue_plus, st_stairs_6
D:2:      minmay_angry_zag, layout_basic, grunt_decor_fettered, uniq_robin
D:3:      layout_loops_corners, lemuel_crystal_altar, minmay_shallow_snake_nest
D:4:      layout_rooms, gammafunk_temple_overflow_wave, minmay_mini_ossuary
D:5:      layout_basic, minmay_temple_entry_slanted, st_stairs_5

Notes
Turn   | Place    | Note
-------+----------+-------------------------------------------
     0 | D:1      | spaghetti the Ogre Wanderer began the quest for the Orb.
     0 | D:1      | spaghetti set off with the following items: a +0 club
                  | {mace}, a potion of attraction {!q}, a potion of berserk
                  | rage {!q}, 13 stones {throwing}, a +2 robe; and the
                  | following spell memorised: Sandblast; and the following
                  | spells available to memorise: Stone Arrow
     0 | D:1      | Reached XP level 1. HP: 19/19 MP: 2/2
     0 | D:1      | magus.rc [v1.9.6]
   193 | D:1      | Reached skill level 2 in Earth Magic
   264 | D:1      | Reached skill level 2 in Spellcasting
   264 | D:1      | Reached XP level 2. HP: 27/27 MP: 3/5
   430 | D:1      | You add the spells Borgnjor's Revivification, Necromutation
                  | and Death's Door to your library.
   477 | D:1      | Found a faded altar of an unknown god.
   486 | D:1      | Found Yhiurr's Antique Weapon Boutique.
  1009 | D:2      | Reached XP level 3. HP: 33/33 MP: 7/7
  1176 | D:2      | Noticed Robin
  1183 | D:2      | Reached skill level 3 in Spellcasting
  1184 | D:2      | HP: 4/33 [goblin/+0 club[Robin] (6)]
  1185 | D:2      | Reached XP level 4. HP: 5/41 MP: 8/8
  1187 | D:2      | Killed Robin
  1411 | D:2      | Learned a level 3 spell: Stone Arrow
  1504 | D:2      | Reached skill level 1 in Evocations
  1529 | D:2      | Reached skill level 1 in Transmutations
  1882 | D:2      | s - a +0 quick blade {shortrare=g}
  2148 | D:3      | Reached XP level 5. HP: 40/48 MP: 9/9
  2726 | D:3      | Found a blossoming altar of Fedhas.
  2802 | D:3      | You pick up a book of Pain and begin reading...
  2802 | D:3      | You add the spells Pain, Agony and Excruciating Wounds to
                  | your library.
  2809 | D:3      | Learned a level 5 spell: Excruciating Wounds
  3682 | D:4      | Reached skill level 3 in Earth Magic
  3797 | D:4      | Noticed an ogre
  3808 | D:4      | Killed an ogre
  3809 | D:4      | Reached skill level 1 in Necromancy
  3809 | D:4      | Reached skill level 2 in Evocations
  3809 | D:4      | Reached XP level 6. HP: 25/55 MP: 8/11
  3994 | D:4      | Found a bloodstained altar of Trog.
  3995 | D:4      | Found a broken altar of Ashenzari.
  4066 | D:4      | HP: 10/55 [iguana (10)]
  4068 | D:4      | HP: 3/55 [iguana (7)]
  4480 | D:4      | Reached skill level 1 in Short Blades
  4670 | D:5      | Entered Level 5 of the Dungeon
  4796 | D:5      | Noticed a black bear
  4809 | D:5      | Reached skill level 2 in Transmutations
  4809 | D:5      | Reached XP level 7. HP: 61/62 MP: 10/12
  4819 | D:5      | Reached skill level 4 in Spellcasting
  4819 | D:5      | Reached skill level 2 in Necromancy
  5243 | D:5      | HP: 5/62 [ice beast (11)]
  5388 | D:5      | HP: 10/62 [gnoll sergeant/+0 trident of venom (9)]
  5393 | D:5      | HP: 8/62 [gnoll sergeant/+0 trident of venom (10)]
  5394 | D:5      | HP: 3/62 [gnoll sergeant/+0 trident of venom (12)]
  5397 | D:5      | Quit the game

Vanquished Creatures
  A black bear (D:5)
  An ice beast (D:5)
  2 ogres
  2 hounds
  An iguana (D:4)
  A gnoll shaman (D:5)
  A mummy (D:4)
  Robin (D:2)
  9 adders
  2 worms
  8 dart slugs
  6 orcs
  11 ball pythons
  4 endoplasms
  2 giant cockroaches
  14 goblins
  13 hobgoblins
  3 jackals (D:1)
  A quokka (D:4)
  3 bats
  6 frilled lizards
  A hobgoblin zombie (D:4)
  9 kobolds
  A kobold zombie (D:4)
  2 orc zombies (D:4)
  2 rats
107 creatures vanquished.

Table legend:
 A = Non-vault XP
 B = Vault XP
 C = Vault XP percentage of total XP
 D = Non-vault monster count
 E = Vault monster count
 F = Vault count percentage of total count
                 A         B        C        D         E       F
            +---------+---------+-------+---------+---------+-------
      Total |     616 |     386 |  38.5 |      79 |      28 |  26.2
            +---------+---------+-------+---------+---------+-------
        D:1 |      32 |       1 |   3.0 |      16 |       1 |   5.9
        D:2 |      76 |      45 |  37.2 |      23 |      15 |  39.5
        D:3 |      57 |      17 |  23.0 |      17 |       3 |  15.0
        D:4 |     259 |      22 |   7.8 |      19 |       5 |  20.8
        D:5 |     192 |     301 |  61.1 |       4 |       4 |  50.0
            +---------+---------+-------+---------+---------+-------

Illustrated notes

Table legend:
 A = Kills in this place as a percentage of kills in entire the game.
 B = Kills by you in this place as a percentage of kills by you in the entire game.
 C = Kills by friends in this place as a percentage of kills by friends in the entire game.
 D = Other kills in this place as a percentage of other kills in the entire game.
 E = Experience gained in this place as a percentage of experience gained in the entire game.
 F = Experience gained in this place divided by the number of levels of this place that you have seen.
                   A       B       C       D       E      F
               +-------+-------+-------+-------+-------+----------------------
         Total | 100.0 | 100.0 |   N/A |   N/A | 100.0 | 200.4
       Dungeon | 100.0 | 100.0 |   N/A |   N/A | 100.0 | 200.4
               +-------+-------+-------+-------+-------+----------------------

Table legend: (Time is in decaauts)
 A = Elapsed time spent in this place.
 B = Non-inter-level travel time spent in this place.
 C = Inter-level travel time spent in this place.
 D = Time resting spent in this place.
 E = Time spent auto-exploring this place.
 F = Levels seen in this place.
 G = Mean time per level.
                   A        B        C        D        E       F      G
               +--------+--------+--------+--------+--------+-----+--------+
         Total |   5492 |   5415 |     77 |    943 |   3602 |   5 | 1098.4 |
       Dungeon |   5492 |   5415 |     77 |    943 |   3602 |   5 | 1098.4 |
               +--------+--------+--------+--------+--------+-----+--------+

Top non-repeatable levels by time:
     D:3: 1324 daAuts
     D:4: 1317 daAuts
     D:1: 1077 daAuts
     D:2: 1031 daAuts
     D:5: 742 daAuts
